 Dungeon Crawl Stone Soup version 0.32-a0-961-gd60f5e5fc7 (webtiles) character file.

Game seed: 4851095926475403214

164 olmar the Charlatan (level 5, -2/43 HPs)
             Began as a Gnoll Wanderer on Apr 13, 2024.
             Was a Believer of Zin.
             Slain by a gnoll bouda
             ... wielding a +0 club
              (5 damage)
             ... on level 4 of the Dungeon on Apr 17, 2024.
             The game lasted 00:05:55 (2759 turns).

olmar the Charlatan (Gnoll Wanderer)                Turns: 2759, Time: 00:05:56

Health: -2/43      AC:  3    Str: 12 (13) XL:     5   Next: 45%
Magic:  7/7        EV: 10    Int:  9 (11) God:    Zin [**....]
Gold:   153        SH:  4    Dex:  9 (12) Spells: 5/7 levels left

rFire   + . .        l - staff of alchemy
rCold   . . .        c - +0 buckler
rNeg    . . .        e - +0 leather armour
rPois   +            (no helmet)
rElec   .            (no cloak)
rCorr   .            (no gloves)
SInv    .            (no boots)
Will    .....        (no amulet)
Stlth   +            o - ring of protection from fire
HPRegen 0.27/turn    (no ring)
MPRegen 0.10/turn

%: no passive effects
@: weakened
A: fangs 1, strong nose, distributed training
a: Renounce Religion, Recite, Vitalisation, Donate Gold


You were on level 4 of the Dungeon.
You worshipped Zin.
Zin was pleased with you.
You visited 1 branch of the dungeon, and saw 4 of its levels.

You collected 169 gold pieces.
You donated 16 gold pieces to Zin.

Inventory:

Hand Weapons
 a - a +0 hand axe
 d - a +0 sling
Armour
 c - a +0 buckler (worn)
 e - a +0 leather armour (worn)
Magical Staves
 l - a staff of alchemy (weapon)
Jewellery
 o - a ring of protection from fire (left hand)
Wands
 b - a wand of iceblast (1) (quivered)
Scrolls
 f - a scroll of blinking
 h - a scroll of poison {unknown}
 i - a scroll of enchant armour {unknown}
 n - 2 scrolls of silence
Potions
 g - a potion of heal wounds


   Skills:
 + Level 4.8 Fighting
 + Level 1.6 Short Blades
 + Level 1.6 Long Blades
 + Level 4.8 Axes
 + Level 1.6 Maces & Flails
 + Level 1.6 Polearms
 + Level 1.6 Staves
 + Level 1.6 Ranged Weapons
 + Level 1.6 Throwing
 + Level 3.0 Armour
 + Level 1.6 Dodging
 + Level 1.6 Stealth
 + Level 4.8 Shields
 + Level 1.6 Unarmed Combat
 + Level 1.6 Spellcasting
 + Level 1.2 Conjurations
 + Level 1.2 Hexes
 + Level 1.2 Summonings
 + Level 1.2 Necromancy
 + Level 1.2 Translocations
 + Level 1.2 Fire Magic
 + Level 1.2 Ice Magic
 + Level 1.2 Air Magic
 + Level 1.2 Earth Magic
 + Level 1.2 Alchemy
 + Level 1.8 Invocations
 + Level 6.7 Evocations
 + Level 1.4 Shapeshifting


You had 5 spell levels left.
You knew the following spells:

 Your Spells              Type           Power      Damage    Failure   Level
a - Scorch                Fire           6%         2d5       47%         2

Your spell library contained the following spells:

 Spells                   Type           Power      Damage    Failure   Level
 Flame Wave               Conj/Fire      3%         2d5       98%         4
 Summon Cactus Giant      Summ           1%         N/A       100%        6


Dungeon Overview and Level Annotations

Branches:
Dungeon (4/15)
 Temple: D:4-7

Altars:
Zin

Annotations:
D:2 Sigmund


Innate Abilities, Weirdness & Mutations

You have very sharp teeth.
Your uncanny sense of smell can sniff out nearby items.
Your experience applies equally to all skills.


Message History

The gnoll hits you with a +0 whip. x2
Unknown command.
You hit the gnoll but do no damage.
You envenom the gnoll.
You kill the gnoll!
You hit the gnoll bouda but do no damage.
You envenom the gnoll bouda.
The gnoll bouda is poisoned.
Your bite misses the gnoll bouda.
The gnoll bouda is lightly wounded.
You block the gnoll bouda's attack.
You closely miss the gnoll bouda.
The gnoll bouda is lightly wounded.
Your attacks no longer feel as feeble.
The gnoll bouda hits you with a +0 club.
Unknown command.
You hit the gnoll bouda but do no damage.
The gnoll bouda is moderately wounded.
The gnoll bouda gazes fiercely through you!
You feel your attacks grow feeble.
The gnoll bouda hits you with a +0 club!
Unknown command.
You are too injured to fight recklessly!
Unknown command.
You are too injured to fight recklessly!
You hit the gnoll bouda but do no damage.
The gnoll bouda is moderately wounded.
The gnoll bouda closely misses you.
Unknown command.
You hit the gnoll bouda but do no damage.
The gnoll bouda is moderately wounded.
The gnoll bouda hits you with a +0 club.
* * * LOW HITPOINT WARNING * * *
The gnoll bouda hits you with a +0 club!
* * * LOW HITPOINT WARNING * * *
Unknown command.
You hit the gnoll bouda but do no damage.
You envenom the gnoll bouda.
The gnoll bouda looks even sicker.
Your bite misses the gnoll bouda.
The gnoll bouda is heavily wounded.
The gnoll bouda hits you with a +0 club.
You die...

#.................#
#################.#
#### #.# ..# #.#
######.# #.#
#....#.###.# ###
#..........#
....)####.#.#####
....))g@..#.#
....)######.# ...
... . ... ####. .
.#


You could see a gnoll bouda (very poisoned).

Vanquished Creatures
  8 gnolls
  An adder (D:2)
  4 ribbon worms
  5 bats
  8 endoplasms
  3 giant cockroaches
  4 goblins
  9 hobgoblins
  2 jackals (D:1)
  A quokka (D:1)
  7 ball pythons
  4 frilled lizards
  7 kobolds
  9 rats
72 creatures vanquished.

Notes
Turn   | Place    | Note
-------+----------+-------------------------------------------
     0 | D:1      | olmar the Gnoll Wanderer began the quest for the Orb.
     0 | D:1      | olmar set off with the following items: a +0 hand axe, a
                  | wand of iceblast (3), a +0 buckler, a potion of
                  | lignification, a +0 leather armour.
     0 | D:1      | Reached XP level 1. HP: 20/20 MP: 1/1
   182 | D:1      | Upgraded the game from 0.32-a0-928-g1cae6b7ea0 to
                  | 0.32-a0-961-gd60f5e5fc7
   283 | D:1      | Reached XP level 2. HP: 10/26 MP: 2/2
   494 | D:1      | Learned a level 2 spell: Scorch
   606 | D:1      | Reached XP level 3. HP: 31/31 MP: 3/3
   803 | D:2      | Found a faded altar of an unknown god.
   806 | D:2      | Prayed at the altar of an unknown god.
   806 | D:2      | Became a worshipper of Zin the Law-Giver
   806 | D:2      | Reached * piety under Zin
   908 | D:2      | Reached skill level 1 in Invocations
   965 | D:2      | Reached ** piety under Zin
  1062 | D:2      | Reached skill level 1 in Short Blades
  1062 | D:2      | Reached skill level 1 in Long Blades
  1062 | D:2      | Reached skill level 1 in Maces & Flails
  1062 | D:2      | Reached skill level 1 in Polearms
  1062 | D:2      | Reached skill level 1 in Staves
  1062 | D:2      | Reached skill level 1 in Ranged Weapons
  1062 | D:2      | Reached skill level 1 in Throwing
  1062 | D:2      | Reached skill level 1 in Dodging
  1062 | D:2      | Reached skill level 1 in Stealth
  1062 | D:2      | Reached skill level 1 in Unarmed Combat
  1062 | D:2      | Reached skill level 1 in Spellcasting
  1214 | D:2      | Reached skill level 1 in Shapeshifting
  1214 | D:2      | Reached XP level 4. HP: 22/38 MP: 5/5
  1730 | D:2      | Noticed Sigmund
  1741 | D:2      | Reached skill level 1 in Conjurations
  1741 | D:2      | Reached skill level 1 in Hexes
  1741 | D:2      | Reached skill level 1 in Summonings
  1741 | D:2      | Reached skill level 1 in Necromancy
  1741 | D:2      | Reached skill level 1 in Translocations
  1741 | D:2      | Reached skill level 1 in Fire Magic
  1741 | D:2      | Reached skill level 1 in Ice Magic
  1741 | D:2      | Reached skill level 1 in Air Magic
  1741 | D:2      | Reached skill level 1 in Earth Magic
  1741 | D:2      | Reached skill level 1 in Alchemy
  2710 | D:4      | Reached XP level 5. HP: 37/43 MP: 7/7
  2759 | D:4      | Slain by a gnoll bouda

Illustrated notes

Levels and vault maps discovered:
D:1:      matt_arrival_los_fun, layout_basic
D:2:      layout_basic, nicolae_ecumenical_oubliette, minmay_pentomino_p4,
          uniq_sigmund
D:3:      layout_basic
D:4:      layout_basic, serial_bayou_pond_e, uniq_grinder

Skill      XL: |  1  2  3  4  5 |
---------------+----------------+-----
Invocations    | 1 |  1.8
Short Blades   | 1 |  1.6
Long Blades    | 1 |  1.6
Maces & Flails | 1 |  1.6
Polearms       | 1 |  1.6
Staves         | 1 |  1.6
Ranged Weapons | 1 |  1.6
Throwing       | 1 |  1.6
Dodging        | 1 |  1.6
Stealth        | 1 |  1.6
Unarmed Combat | 1 |  1.6
Spellcasting   | 1 |  1.6
Shapeshifting  | 1 |  1.4
Conjurations   | 1 |  1.2
Hexes          | 1 |  1.2
Summonings     | 1 |  1.2
Necromancy     | 1 |  1.2
Translocations | 1 |  1.2
Fire Magic     | 1 |  1.2
Ice Magic      | 1 |  1.2
Air Magic      | 1 |  1.2
Earth Magic    | 1 |  1.2
Alchemy        | 1 |  1.2
Armour         | 3 |  3.0
Fighting       | |  4.8
Axes           | |  4.8
Shields        | |  4.8
Evocations     | |  6.7

Action                     |  1- 3 |  4- 6 || total
---------------------------+-------+-------++-------
  Melee: Hand axe          |    68 |       ||    68
         Bite              |    10 |    10 ||    20
         Staff             |    49 |    87 ||   136
 Invoke: Recite            |     1 |     1 ||     2
  Evoke: Wand              |       |     2 ||     2
    Use: Potion            |       |     7 ||     7
         Scroll            |       |     2 ||     2
   Stab: Sleeping          |       |     2 ||     2
 Armour: Leather armour    |    89 |    91 ||   180
  Dodge: Dodged            |    62 |    41 ||   103
  Block: Buckler           |    33 |    20 ||    53

Table legend: (Time is in decaauts)
 A = Elapsed time spent in this place.
 B = Non-inter-level travel time spent in this place.
 C = Inter-level travel time spent in this place.
 D = Time resting spent in this place.
 E = Time spent auto-exploring this place.
 F = Levels seen in this place.
 G = Mean time per level.
                   A        B        C        D        E       F      G
               +--------+--------+--------+--------+--------+-----+--------+
         Total |   2770 |   2713 |     57 |     90 |   2028 |   4 |  692.5 |
       Dungeon |   2770 |   2713 |     57 |     90 |   2028 |   4 |  692.5 |
               +--------+--------+--------+--------+--------+-----+--------+

Top non-repeatable levels by time:
     D:2: 950 daAuts
     D:3: 869 daAuts
     D:1: 854 daAuts
     D:4: 96 daAuts
